Cogmind - Beta 16.1 @@@ ROGUE MODE // 2026.04.20 @ 20:32:57 Player: szymekc Result: Destroyed by D-53 Grenadier with Mini Grenade Launcher Performance ------------- Evolutions (0) 0 Regions Visited (4) 800 Robots Destroyed (28) 140 Value Destroyed (576) 576 Prototype IDs (0) 0 Alien Tech Used (0) 0 Bonus (0) 0 TOTAL SCORE: 1516 Bonus ------- None Cogmind --------- Core Integrity 0/250 Matter 171/300 Energy 239/250 System Corruption 2% Temperature Cool (0) Movement Treading (160) Location -9/Mines Parts ------- > --- POWER (1) -------- Ion Engine > --- PROPULSION (2) --- Light Treads Light Treads > --- UTILITY (2) ------ Medium Storage Unit Seismic Detector > --- WEAPON (2) ------- Assault Rifle Assault Rifle > --- INVENTORY (10) --- Light Nuclear Core Light Treads Improved Heat Sink High-capacity Storage Unit Grenade Launcher Mining Laser Peak State ------------ > --- POWER ------------ Light Nuclear Core > --- PROPULSION ------- Light Treads Light Treads > --- UTILITY ---------- Improved Heat Sink Seismic Detector > --- WEAPON ----------- Assault Rifle Assault Rifle > --- INVENTORY -------- Light Treads Light Treads Light Treads Assault Rifle Mining Laser [Rating: 11] Favorites ----------- Power Ion Engine Engine Ion Engine Power Core Light Nuclear Core Propulsion Light Treads Treads Light Treads Utility Seismic Detector Device Seismic Detector Storage Medium Storage Unit Weapon Assault Rifle Ballistic Gun Assault Rifle Launcher Grenade Launcher Special Weapon Mining Laser Build | -11 -10 -10 -10 -9 ------- Run | Yrd Mat Min Exi Min Slots Evolved . | . . . . . Power . | . . . . . Propulsion . | . . . . . Utility . | . . . . . Weapon . | . . . . . Parts Attached 24 | 6 11 6 1 . Power 6 | 1 4 1 . . Engine 5 | 1 3 1 . . Core 1 | . 1 . . . Reactor . | . . . . . Propulsion 7 | 2 3 1 1 . Treads 7 | 2 3 1 1 . Leg . | . . . . . Wheel . | . . . . . Hover . | . . . . . Flight . | . . . . . Utility 4 | 1 2 1 . . Device 3 | 1 2 . . . Storage 1 | . . 1 . . Processor . | . . . . . Hackware . | . . . . . Protection . | . . . . . Artifact . | . . . . . Weapon 7 | 2 2 3 . . Energy Gun . | . . . . . Energy Cannon . | . . . . . Ballistic Gun 5 | 2 2 1 . . Ballistic Cannon . | . . . . . Launcher 1 | . . 1 . . Special Weapon 1 | . . 1 . . Impact Weapon . | . . . . . Slashing Weapon . | . . . . . Piercing Weapon . | . . . . . Special Melee Weapon . | . . . . . Unidentified Prototypes . | . . . . . Parts Lost 3 | . 1 1 . 1 Power 1 | . 1 . . . Propulsion 1 | . . 1 . . Utility . | . . . . . Weapon 1 | . . . . 1 Highest Loss Streak 1 | . 1 1 . 1 To Critical Strikes . | . . . . . Average Backups 6 | 2 4 7 9 7 Power . | . . . 1 1 Propulsion 2 | . 2 2 1 1 Utility . | . . 1 2 2 Weapon 2 | 1 1 2 4 3 Tool/Special . | . . . . . Unused Backups 2 | . . . . 2 Power 1 | . . . . 1 Propulsion . | . . . . . Utility 1 | . . . . 1 Weapon . | . . . . . Tool/Special . | . . . . . Average Slot Usage (%) 91 | . 97 100 71 92 Engine 13 | . 11 14 14 14 Treads 28 | . 28 28 28 28 Device 19 | . 25 16 14 14 Storage 7 | . . 11 14 14 Ballistic Gun 20 | . 28 27 . 14 Peak Build Rating 11 | 6 11 9 7 8 Average Rating 7 | 5 8 7 6 7 On Entrance 5 | . 6 9 8 6 Avg Prop Armor Cover (%) . | . . . . . Naked Turns . | . . . . . Heaviest Build 20 | 8 11 20 18 20 Greatest Support 40 | 40 40 40 40 40 Greatest Overweight (x) . | . . . . . Average Overweight (x) . | . . . . . Largest Inventory Capacity 10 | 5 5 10 10 10 Average Capacity 7 | 5 5 9 10 10 Most Carried 10 | 3 5 10 10 8 Average Carried 6 | 2 4 7 9 7 Final Capacity 10 | 5 5 10 10 10 Final Carried 9 | 3 5 9 9 6 Class Distribution -------------------- 81% | Mutant 18% | Scavenger-Mutant Dominant Class ---------------- Mutant | -10/Materials Mutant | -10/Mines Mutant | -10/Exiles Mutant | -9/Mines Resources | -11 -10 -10 -10 -9 ----------- Run | Yrd Mat Min Exi Min Matter Collected 1022 | 320 467 164 71 . Remotely . | . . . . . Salvage Created 844 | 139 452 178 . 75 Parts 56 | 10 27 13 . 6 Haulers Intercepted 2 | . 2 . . . Recyclers Shooed 4 | 2 2 . . . Parts Field Recycled . | . . . . . Retrieved Matter . | . . . . . Parts Self-Destructed . | . . . . . Prevented . | . . . . . Parts Restored . | . . . . . Kills | -11 -10 -10 -10 -9 ------- Run | Yrd Mat Min Exi Min Combat Hostiles Destroyed 21 | . 12 7 . 2 Guns 16 | . 12 4 . . AOE 5 | . . 3 . 2 Classes Destroyed 6 | 2 3 . . 1 Worker 2 | . . . . 2 Tunneler 2 | 2 . . . . Hauler 2 | . 2 . . . Recycler 1 | 1 . . . . Swarmer 9 | . 6 3 . . Grunt 12 | . 6 4 . 2 Best Kill Streak 5 | 2 5 3 . 4 Combat Bots Only 5 | . 5 3 . 2 Max Kills in Single Turn 3 | 1 1 3 . 2 Gunslinging . | . . . . . Exploded 3 | . . 3 . 1 Melee . | . . . . . Uniques/NPCs Destroyed . | . . . . . Combat | -11 -10 -10 -10 -9 -------- Run | Yrd Mat Min Exi Min Hostile Shots Fired 141 | . 90 27 . 24 Missed 36 | . 23 4 . 9 Hits 105 | . 67 23 . 15 Projectile 105 | . 67 23 . 15 AOE 3 | . . . . 3 Critical Strikes 1 | . . . . 1 Damage Taken 1220 | . 664 276 . 280 Core 259 | . 129 23 . 107 Absorbed by Shields . | . . . . . Core Remaining (%) 100 | 100 . . . . Volleys Fired 96 | 10 57 20 . 9 Largest 2 | 2 2 2 . 2 Hottest 100 | 40 40 100 . 40 Shots Fired 183 | 20 114 35 . 14 Gun 174 | 20 114 30 . 10 Cannon . | . . . . . Launcher 6 | . . 2 . 4 Special 3 | . . 3 . . Kinetic 174 | 20 114 30 . 10 Thermal 3 | . . 3 . . Explosive 6 | . . 2 . 4 Electromagnetic . | . . . . . Robot Hit Streak 11 | 6 11 9 . 9 Robot Miss Streak 4 | 2 4 2 . 2 Penetration Max . | . . . . . Secondary Targets 2 | . 1 1 . . Max Gunslinging Chain 1 | . 1 1 . . Shots Hit Robots 111 | 14 68 21 . 8 Core Hits 54 | 4 25 13 . 12 Critical Kills . | . . . . . Critical Parts Destroyed 1 | . 1 . . . Critical Strikes 1 | . 1 . . . Destroy 1 | . 1 . . . Melee Attacks . | . . . . . Impact . | . . . . . Slashing . | . . . . . Piercing . | . . . . . Sneak Attacks . | . . . . . Combat Hostiles . | . . . . . Follow-up Attacks . | . . . . . Damage Inflicted 1749 | 168 846 353 . 382 Guns 1366 | 168 846 274 . 78 Cannons . | . . . . . Explosions 371 | . . 67 . 304 Melee . | . . . . . Ramming 12 | . . 12 . . Kinetic 1366 | 168 846 274 . 78 Thermal . | . . . . . Explosive 371 | . . 67 . 304 Electromagnetic . | . . . . . Impact . | . . . . . Slashing . | . . . . . Piercing . | . . . . . Highest Corruption 2 | . 2 2 2 2 Average Corruption 2 | . 2 2 2 2 Corruption Purged . | . . . . . Corruption Blocked . | . . . . . Effects 32 | . 4 17 11 . Message Errors 11 | . 3 5 3 . Matter Fused 9 | . . 5 4 . Heat Flow Errors 3 | . . 2 1 . Energy Discharges 1 | . . 1 . . Parts Fused 1 | . . 1 . . Data Loss (minor) 5 | . . 2 3 . Data Loss (major) 2 | . 1 1 . . Overload Shots . | . . . . . Overflow Damage . | . . . . . Projectiles . | . . . . . Explosions . | . . . . . Melee . | . . . . . Knockbacks . | . . . . . Impact . | . . . . . Kinetic . | . . . . . Secondary . | . . . . . Self-Inflicted Damage 17 | . . . . 17 Shots 2 | . . . . 2 Rammed 3 | . . 3 . . Targets Rammed 3 | . . 3 . . Kicked . | . . . . . Crushed . | . . . . . Highest Temperature 152 | 6 2 134 152 20 Average Temperature 37 | 6 2 38 77 7 Received Heat Transfer 438 | . 177 147 . 114 Siege Activations . | . . . . . Martial Activations . | . . . . . Shielding Activations . | . . . . . Robots Disrupted . | . . . . . Combat Hostiles . | . . . . . Robots Corrupted . | . . . . . Combat Hostiles . | . . . . . Parts Fried . | . . . . . Impact Corruptions . | . . . . . Robots Melted . | . . . . . Combat Hostiles . | . . . . . Parts Melted . | . . . . . Heat Transferred . | . . . . . Parts Sabotaged . | . . . . . Parts Stolen . | . . . . . Parts Stripped . | . . . . . Power Chain Reactions . | . . . . . Alert | -11 -10 -10 -10 -9 ------- Run | Yrd Mat Min Exi Min Maximum Alert Level . | . . . . . Low Security (%) 100 | 100 100 100 . 100 Level 1 . | . . . . . Level 2 . | . . . . . Level 3 . | . . . . . Level 4 . | . . . . . Level 5 . | . . . . . High Security . | . . . . . Max Security . | . . . . . Peak Influence 114 | 5 104 114 . 71 Initial 17 | . . 17 . . Average 23 | 1 22 26 . 54 Influence Increases 627 | 15 358 183 . 71 Destroy 0b10 Robot/C 420 | . 240 140 . 40 Destroy 0b10 Robot/NC 35 | 15 10 . . 10 Destroy Leader 84 | . 54 30 . . Successful Hack 8 | . 8 . . . Destroy Structure 35 | . 1 13 . 21 Lose Combat Pursuer 45 | . 45 . . . Influence Decreases 576 | 15 312 229 . 20 Entered New Map 29 | . . 29 . . Time Decay 517 | 15 302 190 . 10 Lost Part 30 | . 10 10 . 10 Squads Dispatched 2 | . 2 . . . Investigation . | . . . . . Extermination . | . . . . . Reinforcement 2 | . 2 . . . Assault . | . . . . . Garrison . | . . . . . Intercept . | . . . . . Searches Triggered . | . . . . . Construction Impeded . | . . . . . Haulers Reinforced . | . . . . . Active Scanning Responses . | . . . . . Cargo Convoy Interrupts . | . . . . . Stealth | -11 -10 -10 -10 -9 --------- Run | Yrd Mat Min Exi Min Distress Signals 1 | . 1 . . . Communications Jammed . | . . . . . Distress Signals . | . . . . . Times Spotted 30 | . 19 6 . 5 Peak Tracking Total 5 | . 5 3 . 3 Tactical Retreats 1 | . 1 . . . Traps | -11 -10 -10 -10 -9 ------- Run | Yrd Mat Min Exi Min Traps Triggered 1 | . 1 . . . Indirectly . | . . . . . Trap Hack Attempts . | . . . . . Triggered . | . . . . . Disarmed . | . . . . . Reprogrammed . | . . . . . Reused . | . . . . . Traps Extracted . | . . . . . Installed . | . . . . . Triggered . | . . . . . Machines | -11 -10 -10 -10 -9 ---------- Run | Yrd Mat Min Exi Min Machines Disabled . | . . . . . Max in Single Turn . | . . . . . Machines Repaired . | . . . . . Machines Dismantled . | . . . . . Machines Sabotaged . | . . . . . Overloaded Fab Kills . | . . . . . Hacking | -11 -10 -10 -10 -9 --------- Run | Yrd Mat Min Exi Min Machines Accessed 8 | . 4 . 4 . Terminals 4 | . 4 . . . Fabricators . | . . . . . Repair Stations . | . . . . . Recycling Units . | . . . . . Scanalyzers . | . . . . . Garrison Access . | . . . . . Total Hacks 13 | . 9 . 4 . Successful 7 | . 3 . 4 . Failed 6 | . 6 . . . Catastrophic . | . . . . . Database Lockouts . | . . . . . Manual 7 | . 7 . . . Terminals 9 | . 9 . . . Fabricators . | . . . . . Repair Stations . | . . . . . Recycling Units . | . . . . . Scanalyzers . | . . . . . Garrison Access . | . . . . . Terminal Hacks 4 | . . . 4 . Record 4 | . . . 4 . Fabricator Hacks . | . . . . . Repair Station Hacks . | . . . . . Recycling Unit Hacks . | . . . . . Scanalyzer . | . . . . . Garrison Access Hacks . | . . . . . Unauthorized Hacks 3 | . 3 . . . Terminals 3 | . 3 . . . Botnet 1 | . 1 . . . Skim 2 | . 2 . . . Fabricators . | . . . . . Repair Stations . | . . . . . Recycling Units . | . . . . . Scanalyzers . | . . . . . Garrison Access . | . . . . . Data Cores Recovered . | . . . . . Used . | . . . . . Hacking Detections 4 | . 4 . . . Full Trace Events . | . . . . . Feedback Events . | . . . . . Feedback Blocked . | . . . . . Robot Schematics Acquired . | . . . . . Robots Built . | . . . . . Authchips . | . . . . . Time . | . . . . . Total Robot Build Rating . | . . . . . Part Schematics Acquired . | . . . . . Parts Built . | . . . . . Authchips . | . . . . . Time . | . . . . . Total Part Build Rating . | . . . . . Part Studies Acquired . | . . . . . Parts Repaired . | . . . . . Time . | . . . . . Parts Recycled . | . . . . . Recycled Matter . | . . . . . Retrieved Matter . | . . . . . Retrieved Components . | . . . . . Parts Scanalyzed . | . . . . . Part Schematics Acquired . | . . . . . Parts Damaged . | . . . . . Bothacking | -11 -10 -10 -10 -9 ------------ Run | Yrd Mat Min Exi Min Used RIF Installer . | . . . . . Robots Hacked . | . . . . . Non-combat . | . . . . . Combat . | . . . . . Robot Hacks Applied . | . . . . . Relay Couplers Released . | . . . . . Fabnet Peak Effective % . | . . . . . Robots Rewired . | . . . . . Allies Hacked . | . . . . . Hacks Repelled . | . . . . . Allies | -11 -10 -10 -10 -9 -------- Run | Yrd Mat Min Exi Min Total Allies . | . . . . . Largest Group . | . . . . . Highest-Rated Group . | . . . . . Highest-Rated Ally . | . . . . . Total Orders . | . . . . . Ally Attacks . | . . . . . Total Damage . | . . . . . Kills . | . . . . . Allies Corrupted . | . . . . . Allies Melted . | . . . . . Intel | -11 -10 -10 -10 -9 ------- Run | Yrd Mat Min Exi Min Active Infowar (turns) 3175 | 78 1319 969 770 39 Structural 293 | . 293 . . . Seismic 3175 | 78 1319 969 770 39 Robot Analysis Total . | . . . . . Derelict Logs Recovered 1 | . . 1 . . Drone Launches . | . . . . . Drone Recoveries . | . . . . . Exploration | -11 -10 -10 -10 -9 ------------- Run | Yrd Mat Min Exi Min Turns Passed 3217 | 120 1319 969 770 39 Spaces Moved 1772 | 51 690 544 480 7 Core 2 | 2 . . . . Treads 1770 | 49 690 544 480 7 Legs . | . . . . . Wheels . | . . . . . Hover . | . . . . . Flight . | . . . . . Fastest Speed 50 | 50 160 160 160 160 Average Speed 159 | 155 160 160 160 160 Slowest Speed 160 | 160 160 160 160 160 Overloaded Moves . | . . . . . Propulsion Burnouts . | . . . . . Robots Hopped . | . . . . . Potential Cave-ins . | . . . . . Cave-ins Triggered . | . . . . . Exploration Rate (%) 58 | 4 95 94 90 7 Regions Visited 4 Branch Regions 3 Pre-discovered Areas . | . . . . . Known Exits Taken . | . . . . . Unknown Exits Taken 4 | 1 1 1 1 . Scrap Searched 1 | . . 1 . . Spaces Dug 19 | . . 1 . 18 Terrain Destroyed 43 | . . 13 . 30 Melee . | . . . . . Projectile 3 | . . 3 . . AOE 40 | . . 10 . 30 Terrain Rammed . | . . . . . Walls Destroyed . | . . . . . Machines Disabled . | . . . . . Actions | -11 -10 -10 -10 -9 --------- Run | Yrd Mat Min Exi Min Total 1961 | 69 793 596 483 20 Wait 39 | . 20 19 . . Move 1768 | 50 689 543 479 7 Hop . | . . . . . Pick Up 11 | 3 5 3 . . Fast Attach 8 | 6 2 . . . Attach 4 | . . 1 . 3 Detach 2 | . . . 2 . Swap 20 | . 11 7 1 1 Drop 10 | . 9 . 1 . Fire 96 | 10 57 20 . 9 Melee . | . . . . . Ram . | . . . . . Kick . | . . . . . Crush 3 | . . 3 . . Escape Stasis . | . . . . . Rewire . | . . . . . Trap . | . . . . . Miscellaneous . | . . . . . Route ------- -11/Scrapyard -10/Materials (discovered 6 exits: [*Mat x3] / [*Min x2] / [*Sub]) -10/Mines (discovered 3 exits: [*Mat x2] / *Exi) -10/Exiles -9/Mines History --------- Turn | Location | Event 2 | -11/Scrapyard | Met Revision 17 10 | -11/Scrapyard | Discovered new exit (range 16) 121 | -11/Scrapyard | Entered Materials 304 | -10/Materials | Build established: Mutant 468 | -10/Materials | Discovered new exit (range 7) 694 | -10/Materials | Discovered new exit (range 14) 846 | -10/Materials | Discovered new exit (range 15) 897 | -10/Materials | Build established: Scavenger-Mutant 1084 | -10/Materials | Discovered new exit (range 5) 1117 | -10/Materials | Discovered new exit (range 10) 1264 | -10/Materials | Discovered new exit (range 8) 1418 | -10/Materials | Core integrity fell below 50% 1440 | -10/Materials | Entered Mines 1452 | -10/Mines | Build established: Mutant 1490 | -10/Mines | Deemed a non-threat by the Exiles lab entrance 1490 | -10/Mines | Discovered new exit (range 5) 1583 | -10/Mines | Discovered new exit (range 9) 1776 | -10/Mines | Learned Materials emergency access door positions 2045 | -10/Mines | Discovered new exit (range 6) 2409 | -10/Mines | Entered Exiles 2409 | -10/Exiles | Found Exiles lab abandoned 2792 | -10/Exiles | Discovered new exit (range 10) 3179 | -10/Exiles | Entered Mines 3181 | -9/Mines | Assembled infested the area 3189 | -9/Mines | Core integrity fell below 20% 3218 | -9/Mines | Destroyed by D-53 Grenadier with Mini Grenade Launcher Last Messages --------------- 03181_ ALERT: Infestation in the mines, dispatching Demolisher response squad. 03182_ G-34 Mercenary destroyed. 03186_ K-01 Serf collects debris. 03186_ K-01 Serf destroyed. 03188_ G-34 Mercenary destroyed. 03193_ C-45 Heavy ARC bursts open, deploying its payload. 03193_ D-53 Grenadier unfolds itself. 03204_ U-05 Engineer lays Concrete. 03207_ R-06 Scavenger collects Heat Sink. 03208_ Critical hit (Burn: +37). 03209_ U-05 Engineer lays Concrete. 03209_ G-47 Trooper destroyed. 03210_ U-05 Engineer lays Concrete. 03210_ R-06 Scavenger collects Imp. Heat Sink. 03211_ U-05 Engineer lays Concrete. 03212_ U-05 Engineer builds a Wall. 03214_ R-06 Scavenger collects Aluminum Leg. 03216_ Assault Rifle destroyed. 03216_ U-05 Engineer lays Concrete. Map ----- +----------------------------------------------------+ | ?????????????????????????????????????????????????? | | ?????????????????????????????????????????????????? | | ?????????????????????????????????????????????????? | | ?????????????????????????????????????????????????? | | ?????????????????????????????????????????????????? | | ?????????????????????????????????????????????????? | | ?????????????????????????????????????????????????? | | ?????????????????????????????????????????????????? | | ?????????????????????????????????????????????????? | | ?????????????????????????????????????????????????? | | ?????????????????????????????????????????????????? | | ?????????????????????????????????????????????????? | | ?????????????????????????????????????????????????? | | ?????????????????????????????????????????????????? | | ?????????????????????????????????????????????????? | | ?????????????????????????????????????????????????? | | ?????????????????????????????????????????????????? | | ??????????????????????#####??????????????????????? | | ???????????????????#### #??????????????????????? | | ??????????????????## #??????????????????????? | | ??????????????????# ????#?????????????????? | | ??????????????????# #### ####??????????????? | | ???????????######## ???????????????? | | ??????????# % ???????????????????? | | ??????????# r ##????????????????????? | | ??????????# u@ #????????????????????? | | ??????????# # #????????????????????? | | ??????????????????# # #????????????????????? | | ???????????????????# ###????????????????????? | | ????????????# d #??????????????????????? | | ????????????# ######## ##??????????????????????? | | ?????????????????????##d##???????????????????????? | | ??????????????????????# #????????????????????????? | | ??????????????????????# #????????????????????????? | | ?????????????????????? #????????????????????????? | | ?????????????????????? #????????????????????????? | | ?????????????????????? #????????????????????????? | | ?????????????????????# ?????????????????????????? | | ?????????????????????# ?????????????????????????? | | ?????????????????????## ?????????????????????????? | | ??????????????????????? ?????????????????????????? | | ??????????????????????? ?????????????????????????? | | ??????????????????????? ?????????????????????????? | | ??????????????????????? ?????????????????????????? | | ?????????????????????????????????????????????????? | | ?????????????????????????????????????????????????? | | ?????????????????????????????????????????????????? | | ?????????????????????????????????????????????????? | | ?????????????????????????????????????????????????? | | ?????????????????????????????????????????????????? | +----------------------------------------------------+ Best States ------------- Heat Dissipation 39 Energy Generation 14 Energy Capacity 250 Matter Stores 300 Matter Capacity 300 Sight Range 16 Terrain Scan Density 10 Evasion (%) 40 Recoil Reduction 2 Item Schematics ----------------- None Robot Schematics ------------------ None Fabricated ------------ Nothing Repaired ---------- Nothing Studied --------- None Alien Tech Used ----------------- None Achievements -------------- None Challenges ------------ None Game ------ Seed ChainAccelerationMeganuke Manual? 0 Play Time 00:12:27 Cumulative 1161.0 hours Start 2026.04.20 @ 20:20:30 End 2026.04.20 @ 20:32:57 Sessions 1 Manual Loads 0 Difficulty Rogue Special Mode None Game No. 365 Rogue 363 Adventurer 2 Explorer 0 Win Type - Total 89 Types 25/21/20/1/1/1/14/2/1/3 Lore% 98 Gallery% 92 Achievement% 87 Wizard Run 0 Options --------- Layout 0 ASCII 0 Keyboard 1 Movement Numpad Keybinds 0 Fullscreen 1 Font 24/Smallcaps Map View 76x50 Zoom Use 0% Tactical HUD 1 Map Filters NONE Filters NONE Steam 1 RUN: cc81f16e-d2c1-4e28-885e-8dc07f0ab888